Map: Катализатор РВ

Players

Destemper - Winner!

  • Race: Terran Terran
  • League: Diamond
  • Spawn Location: 5:00

ProRockSpiro

  • Race: Protoss Protoss
  • League: Diamond
  • Spawn Location: 11:00

VOD

Have the link to the VOD?

Description

Time

  • Played on: Dec. 28, 2017, 12:50 p.m.
  • Length: 13:38
Show
View Real Time Build Order
Export as new Build Order

Destemper Terran - Winner!

Build Orders: Cyclone Opening, MMM Bio 

Get SALT Encoding   

  12  0:00  SCV  
  13  0:13  SCV  
  14  0:17  Supply Depot  
  14  0:25  SCV  
  15  0:30  Refinery  
  15  0:41  Barracks  
  15  0:45  SCV  
  16  0:57  SCV  
  17  1:10  SCV  
  18  1:23  SCV  
  19  1:30  Marine  
  20  1:42  Command Center  
  20  1:56  Factory  
  20  2:03  Barracks Tech Lab  
  20  2:10  Supply Depot  
  20  2:22  Marauder, Concussive Shells  
  22  2:27  Refinery  
  22  2:44  Cyclone  
  25  2:53  Marauder  
  27  3:00  SCV  
  27  3:01  SCV  
  29  3:12  Orbital Command  
  29  3:23  Cyclone  
  32  3:27  Marauder  
  34  3:37  Orbital Command  
  34  3:50  Marauder  
  34  3:55  Cyclone  
  39  4:14  Marauder  
  39  4:15  SCV x2  
  43  4:18  Stimpack  
  43  4:22  Barracks  
  43  4:34  Cyclone  
  43  4:35  Supply Depot  
  38  4:54  Marauder, SCV x2  
  42  5:00  Barracks  
  42  5:06  SCV  
  42  5:07  SCV  
  43  5:15  Marine  
  43  5:16  Marine  
  43  5:19  SCV x2, Cyclone  
  45  5:35  Marine x2  
  45  5:41  SCV x2  
  45  5:52  Supply Depot x2  
  45  5:53  SCV x2  
  45  5:55  Barracks Reactor, Barracks Tech Lab  
  45  6:05  SCV x2, Engineering Bay  
  45  6:07  Factory Reactor  
  45  6:08  Engineering Bay  
  45  6:10  Refinery  
  47  6:11  Refinery  
  47  6:17  SCV x2  
  49  6:20  Marauder x2  
  49  6:23  Combat Shields  
  53  6:29  SCV x2  
  55  6:33  Terran Infantry Weapons Level 1  
  55  6:40  Terran Infantry Armor Level 1  
  55  6:43  Marine x2  
  55  6:45  Marauder x2  
  55  6:46  Widow Mine x2  
  65  6:50  Supply Depot  
  65  6:51  Supply Depot  
  65  6:52  SCV x2  
  67  7:00  Missile Turret  
  67  7:04  Missile Turret x2  
  67  7:07  Widow Mine  
  67  7:08  Starport  
  69  7:12  Widow Mine  
  71  7:20  SCV x2  
  73  7:31  Armory  
  73  7:32  SCV x2  
  75  7:44  Marauder x2, Marine x2  
  77  7:45  Starport Reactor  
  77  7:48  SCV  
  77  7:49  SCV  
  77  7:50  Command Center  
  83  7:54  Supply Depot  
  83  8:01  SCV x2  
  85  8:16  Barracks x3  
  85  8:17  Barracks, Marine x2  
  85  8:18  Marauder x2  
  91  8:25  Medivac  
  93  8:29  Supply Depot  
  93  8:31  Supply Depot  
  93  8:36  Terran Infantry Weapons Level 2  
  93  8:39  Terran Infantry Armor Level 2  
  93  8:49  SCV  
  93  8:50  SCV, Medivac  
  97  8:58  Supply Depot  
  97  8:59  Medivac, Supply Depot  
  97  9:01  SCV  
  97  9:02  Planetary Fortress  
  100  9:03  SCV  
  101  9:13  Barracks Tech Lab x2  
  101  9:14  Barracks Reactor x2  
  101  9:18  Ghost Academy  
  101  9:22  SCV, Supply Depot  
  101  9:23  SCV, Supply Depot  
  103  9:29  Marine x2  
  103  9:31  Marauder  
  107  9:34  SCV  
  107  9:38  Marauder x2  
  112  9:40  Medivac  
  112  9:41  Medivac  
  116  9:50  Marine x3  
  116  9:51  Marine x2  
  119  9:53  Marine  
  119  9:54  SCV x2  
  119  9:55  SCV  
  119  9:57  Refinery  
  119  9:59  Refinery  
  123  10:06  SCV  
  124  10:12  Moebius Reactor  
  124  10:21  Command Center  
  124  10:26  Ghost x3  
  124  10:27  Ghost  
  132  10:29  Marine x2  
  132  10:30  Marine  
  132  10:32  Medivac  
  137  10:36  Medivac  
  139  10:49  SCV x2  
  141  10:51  Marine  
  141  10:52  Marine x5  
  123  11:26  SCV x3  
  123  11:30  Marine x5  
  123  11:31  Marauder x4  
  139  11:38  SCV x3  
  142  11:41  Medivac x2  
  142  11:43  Missile Turret  
  146  11:50  Marine x4  
  146  11:52  Marauder x2, Ghost  
  146  11:53  Marauder  
  158  11:56  Supply Depot  
  158  11:57  Supply Depot  
  158  11:59  Planetary Fortress  
  158  12:13  Ghost  
  158  12:14  Marauder, Ghost, Marine x4  
  168  12:16  Marine  
  168  12:20  Ghost  
  171  12:36  Marine x3  
  166  12:37  Marauder  
  166  12:38  Medivac x2  
  166  12:42  Marauder  
  166  12:44  Marauder  
  176  12:50  Marauder  
  178  12:58  Marauder, Marine x6  
  173  13:00  SCV x3  
  173  13:04  Marauder, Refinery  
  173  13:05  Refinery  
  182  13:08  Supply Depot  
  182  13:09  Supply Depot x2  
  182  13:10  Supply Depot  
  180  13:25  Supply Depot x2  
  180  13:26  Supply Depot  
  178  13:27  Supply Depot  
Show
View Real Time Build Order
Export as new Build Order

ProRockSpiro Protoss 

Build Orders:  

Get SALT Encoding   

  12  0:01  Probe  
  13  0:13  Probe  
  14  0:17  Pylon  
  14  0:25  Probe  
  15  0:36  Gateway  
  15  0:39  Probe (Chrono Boost)  
  16  0:48  Assimilator  
  16  0:51  Probe (Chrono Boost)  
  17  0:59  Probe (Chrono Boost)  
  18  1:05  Probe  
  19  1:17  Probe  
  20  1:30  Cybernetics Core  
  20  1:43  Assimilator  
  20  1:46  Probe  
  20  2:00  Gateway  
  20  2:07  Nexus  
  20  2:08  Stalker (Chrono Boost)  
  20  2:09  Pylon  
  20  2:13  Warp Gate  
  22  2:20  Probe (Chrono Boost)  
  23  2:32  Probe (Chrono Boost)  
  23  2:33  Stalker  
  26  2:38  Probe (Chrono Boost)  
  27  2:49  Robotics Facility  
  27  2:51  Pylon  
  27  3:01  Probe  
  27  3:04  Shield Battery  
  28  3:06  Sentry  
  30  3:18  Gateway  
  31  3:20  Probe x2 (Chrono Boost)  
  32  3:32  Probe (Chrono Boost)  
  34  3:35  Probe (Chrono Boost)  
  35  3:41  Probe (Chrono Boost)  
  35  3:43  Assimilator, Probe (Chrono Boost)  
  37  3:48  Probe (Chrono Boost)  
  37  3:49  Probe (Chrono Boost)  
  37  3:51  Pylon  
  37  3:52  Observer  
  39  3:59  Probe  
  35  4:10  Immortal (Chrono Boost)  
  38  4:22  Stalker x2  
  38  4:24  Stalker  
  33  4:53  Stalker x3  
  37  5:04  Immortal (Chrono Boost)  
  41  5:16  Twilight Council  
  33  5:34  Stalker x2  
  35  5:36  Adept  
  33  5:47  Probe (Chrono Boost)  
  33  5:48  Probe (Chrono Boost)  
  35  5:53  Charge  
  35  5:59  Probe (Chrono Boost)  
  35  6:00  Probe (Chrono Boost)  
  37  6:08  Probe (Chrono Boost)  
  37  6:09  Forge, Probe (Chrono Boost)  
  39  6:14  Probe  
  40  6:19  Probe  
  41  6:33  Adept x2  
  46  6:41  Observer  
  45  6:49  Protoss Ground Weapons Level 1  
  45  6:52  Nexus  
  45  7:10  Probe  
  46  7:20  Pylon  
  46  7:23  Pylon  
  46  7:24  Pylon  
  46  7:31  Pylon  
  46  7:34  Pylon  
  46  7:35  Immortal (Chrono Boost)  
  46  7:38  Probe x2  
  52  7:50  Probe x2  
  54  7:55  Templar Archives  
  54  8:02  Probe, Gateway x2  
  54  8:05  Probe x2  
  57  8:14  Probe  
  57  8:17  Probe  
  57  8:19  Observer  
  60  8:28  Probe x2  
  60  8:29  Probe  
  60  8:31  Pylon  
  63  8:40  Gateway  
  63  8:44  Gateway  
  63  8:45  Gateway  
  63  8:46  Protoss Ground Armor Level 1 (Chrono Boost)  
  63  8:47  Pylon  
  63  8:52  Pylon x2  
  63  8:54  Warp Prism (Chrono Boost)  
  65  9:05  Probe x2  
  67  9:17  Adept x3  
  67  9:18  Adept x2  
  77  9:32  Probe (Chrono Boost)  
  77  9:33  Probe (Chrono Boost), Pylon  
  77  9:37  Probe (Chrono Boost)  
  80  9:42  Probe (Chrono Boost)  
  79  9:46  Probe (Chrono Boost)  
  79  9:52  Probe  
  78  9:54  Probe  
  78  9:57  Probe  
  78  9:58  Photon Cannon  
  81  10:00  Adept x4  
  81  10:01  Adept, Shield Battery  
  81  10:03  High Templar x2  
  81  10:04  Probe  
  81  10:07  Zealot  
  98  10:08  Archon, Resonating Glaives (Chrono Boost)  
  98  10:20  Warp Prism (Chrono Boost)  
  100  10:34  Pylon  
  100  10:35  Pylon  
  100  10:37  Pylon  
  100  10:43  Pylon x2  
  100  10:52  Nexus  
  98  11:06  Stalker x7  
  84  11:20  Immortal (Chrono Boost)  
  84  11:24  High Templar  
  76  11:37  High Templar  
  76  11:39  Zealot x6  
  88  11:41  Archon  
  88  12:03  Zealot x7  
  102  12:12  Zealot  
  104  12:24  Stalker x5  
  104  12:26  Zealot x2  
  116  12:44  Zealot  
  118  12:58  Zealot x6  
  118  12:59  Zealot  
  128  13:17  Zealot  
  130  13:33  Zealot x6  
  130  13:34  Zealot  
Tags
 
Add a new tag
Caveats
  • Supply blocks, unpowered buildings, or Contaminate may cause inaccurate times.
  • Supply counts are checked every 10 seconds.